 Dungeon Crawl Stone Soup version 0.26.0-45-g9c1d065592 (webtiles) character file.

Game seed: 13397618046570407450

26 trckry the Vandal (level 3, 0/30 HPs)
             Began as a Ghoul Hunter on Jan 29, 2021.
             Killed from afar by Sigmund (7 damage)
             ... with a magic dart
             ... on level 2 of the Dungeon.
             The game lasted 00:02:14 (1377 turns).

trckry the Vandal (Ghoul Hunter)                    Turns: 1377, Time: 00:02:15

Health: 0/30       AC:  3    Str: 16    XL:     3   Next: 8%
Magic:  2/2        EV: 12    Int:  6    God:
Gold:   68         SH:  0    Dex:  9    Spells: 2/2 levels left

rFire    . . .     SeeInvis .   b - +0 whip (drain)
rCold    + . .     Faith    .   (no shield)
rNeg     + + +     Spirit   .   c - +0 leather armour
rPois    ∞         Reflect  .   (no helmet)
rElec    .         Harm     .   (no cloak)
rCorr    .         Rampage  .   (no gloves)
Will     .....                  (no boots)
Stlth    +.........             (no amulet)
HPRegen  0.00/turn              (no ring)
MPRegen  0.08/turn              (no ring)

@: no status effects
A: claws 1, cold resistance 1, negative energy resistance 3, inhibited
regeneration, torment resistance, unbreathing
a: no special abilities


You were on level 2 of the Dungeon.
You visited 1 branch of the dungeon, and saw 2 of its levels.

You collected 68 gold pieces.

Inventory:

Hand Weapons
 a - a +1 hunting sling
 b - a +0 whip of draining (weapon)
Missiles
 d - 20 sling bullets
 e - 36 stones (quivered)
Armour
 c - a +0 leather armour (worn)
Scrolls
 f - a scroll of teleportation {unknown}
 g - a scroll of identify {unknown}
 h - a scroll of magic mapping {unknown}
 i - a scroll of blinking {unknown}
 n - a scroll of immolation {unknown}
Potions
 j - a potion of invisibility {unknown}
 k - 2 potions of heal wounds {unknown}
 l - a potion of curing {unknown}
 m - a potion of haste {unknown}


   Skills:
 + Level 2.3 Fighting
 * Level 0.7 Maces & Flails
 * Level 3.8 Slings
 + Level 0.3 Armour
 + Level 1.9 Dodging
 - Level 1.1 Stealth
 + Level 0.5 Shields
 + Level 0.5 Invocations
 + Level 0.6 Evocations


You had 2 spell levels left.
You didn't know any spells.
Your spell library was empty.

Dungeon Overview and Level Annotations

Branches:
Dungeon (2/15)

Altars:

Annotations:
D:2 Sigmund


Innate Abilities, Weirdness & Mutations

You thrive by killing the living.
You are immune to poison.
You have sharp fingernails.
Your flesh is cold resistant. (rC+)
You are immune to negative energy. (rN+++)
You do not regenerate when monsters are visible.
You are immune to unholy pain and torment.
You can survive without breathing.


Message History

Sigmund is lightly wounded.
You hit Sigmund but do no damage.
Sigmund is lightly wounded.
Sigmund says, "I'm your fate." Sigmund casts a spell at you.
You are confused.
You bump into the rock wall.
Sigmund hits you with a +0 scythe!
You bump into the rock wall.
Sigmund gestures at himself while chanting.
Sigmund flickers and vanishes!
Deactivating autopickup; reactivate with Ctrl-A.
You bump into the rock wall.
Something hits you!
* * * LOW HITPOINT WARNING * * *
You closely miss something. You completely miss something.
You feel less confused.
You hear some strange, mumbled words.
A magic dart appears from out of thin air!
The magic dart hits you!
You die...

#. ###. ...
#.#.###
#.....#
#...#.#
..@....#.####
######.#..{.#
#.####@# #.#
#.#
###########.#
#.#
#.........#.#
#.#
#.#######.#.#
#.# #.# #†#.#
#.# #.# #.#.#
#.# #.# #...#
#)# ..# #..##
#.#


There were no monsters in sight!

Vanquished Creatures
  A worm (D:2)
  3 dart slugs (D:1)
  2 leopard geckos
  A giant cockroach (D:1)
  A goblin (D:1)
  A hobgoblin (D:1)
  A bat (D:1)
  A frilled lizard (D:1)
  6 kobolds (D:1)
  A rat (D:1)
18 creatures vanquished.

Notes
Turn   | Place    | Note
-------+----------+-------------------------------------------
     0 | D:1      | trckry the Ghoul Hunter began the quest for the Orb.
     0 | D:1      | Reached XP level 1. HP: 17/17 MP: 0/0
   149 | D:1      | HP: 1/17 [kobold/+0 club (5)]
   156 | D:1      | Reached XP level 2. HP: 3/24 MP: 1/1
  1260 | D:2      | Reached XP level 3. HP: 24/30 MP: 2/2
  1355 | D:2      | Noticed Sigmund
  1377 | D:2      | Killed from afar by Sigmund

Illustrated notes

Levels and vault maps discovered:
D:1:      minmay_arrival_split_and_join, layout_basic, minmay_hedge_maze,
          serial_bayou_lagoon_a
D:2:      layout_loops_ring, led_sif_pool, nemelex_xobeh_ov_fountains_minmay,
          uniq_sigmund

Action                   || total
-------------------------++-------
Melee: Short sword       ||    80
       Whip              ||    19
 Fire: Hunting sling     ||     1
 Stab: Sleeping          ||     1
Armor: Leather armour    ||    29
Dodge: Dodged            ||    51
